 Dungeon Crawl Stone Soup version 0.24-a0-446-g87df7205b4 (webtiles) character file.

Game seed: 9907483899797520969

5405 theanonym the Thaumaturge (level 10, -6/73 HPs)
             Began as a Mummy Air Elementalist on June 25, 2019.
             Was a Follower of Vehumet.
             Mangled by a slime creature (19 damage)
             ... on level 8 of the Dungeon.
             The game lasted 00:21:58 (13125 turns).

theanonym the Thaumaturge (Mummy Air Elementalist) Turns: 13125, Time: 00:21:59

Health: -6/73      AC:  8    Str: 11    XL:     10   Next: 40%
Magic:  5/24       EV: 12    Int: 23    God:    Vehumet [*.....]
Gold:   320        SH:  0    Dex: 12    Spells: 14/29 levels left

rFire    . . .     SeeInvis .   a - +0 rapier (elec)
rCold    + . .     Gourm    .   (no shield)
rNeg     + + +     Faith    +   s - +2 robe of Jiriz {rF+ Int+4}
rPois    ∞         Spirit   .   (no helmet)
rElec    .         Reflect  .   (no cloak)
rCorr    .         Harm     .   j - +1 pair of gloves
MR       +....                  e - +1 pair of boots
Stlth    ++........             g - amulet of faith
HPRegen  0.22/turn              k - +4 ring of slaying
MPRegen  0.19/turn              (no ring)

@: swift, very slightly contaminated, quick
A: no food or potions, fire vulnerability, cold resistance 1, negative energy
resistance 3, torment resistance, unbreathing
a: Renounce Religion


Innate Abilities, Weirdness & Mutations

You do not eat or drink.
Your flesh is vulnerable to fire.
You are immune to poison.
Your flesh is cold resistant. (rC+)
You are immune to negative energy. (rN+++)
You are immune to unholy pain and torment.
You can survive without breathing.


   Skills:
 + Level 4.5 Fighting
 - Level 5.0 Armour
 - Level 1.5 Dodging
 - Level 1.5 Stealth
 - Level 10.0 Spellcasting
 + Level 6.9 Conjurations
 - Level 1.4 Charms
 - Level 6.0 Air Magic


You had 14 spell levels left.
You knew the following spells:

 Your Spells              Type           Power        Failure   Level  Hunger
a - Shock                 Conj/Air       ####         1%          1    N/A
b - Static Discharge      Conj/Air       #####...     1%          3    N/A
c - Lightning Bolt        Conj/Air       #####.....   11%         5    N/A
e - Airstrike             Air            #####.....   4%          4    N/A
s - Swiftness             Chrm/Air       ####....     1%          2    N/A

Your spell library contained the following spells:

 Spells                   Type           Power        Failure   Level  Hunger
 Sting                    Conj/Pois      ####         1%          1    N/A
 Corpse Rot               Necr           N/A          9%          2    N/A
 Bolt of Draining         Conj/Necr      ####......   36%         5    N/A
 Excruciating Wounds      Chrm/Necr      ##........   75%         5    N/A
 Agony                    Necr           ##......     83%         5    N/A
 Dispel Undead            Necr           ##......     83%         5    N/A
 Sublimation of Blood     Necr           Unusable     N/A         2    N/A

Skill      XL: |  1  2  3  4  5  6  7  8  9 10 |
---------------+-------------------------------+-----
Conjurations   | 1 2 3 5 6 |  6.9
Spellcasting   | 3 4 5 6 7 9 10 | 10.0
Air Magic      | 3 4 5 6 |  6.0
Armour         | 1 2 3 4 5 |  5.0
Fighting       | 3 4 |  4.5
Charms         | 1 |  1.4
Dodging        | |  1.5
Stealth        | |  1.5

Action                   |  1- 3 |  4- 6 |  7- 9 | 10-12 || total
-------------------------+-------+-------+-------+-------++-------
Melee: Dagger            |    29 |    55 |    14 |       ||    98
       Unarmed           |     2 |       |       |       ||     2
       Rapier            |       |       |     3 |    20 ||    23
 Cast: Shock             |    94 |   134 |   216 |    12 ||   456
       Static Discharge  |       |     2 |       |       ||     2
       Airstrike         |       |     3 |    53 |    16 ||    72
       Swiftness         |       |       |       |     1 ||     1
Evoke: Wand              |       |    14 |     5 |       ||    19
  Use: Scroll            |       |    11 |     7 |       ||    18
 Stab: Paralysed         |       |       |     6 |       ||     6
Armor: Robe              |    13 |     2 |       |     4 ||    19
       Leather armour    |       |    20 |    14 |       ||    34
Dodge: Dodged            |    57 |    57 |    55 |    11 ||   180

Inventory:

Hand Weapons
 a - a +0 rapier of electrocution (weapon)
 q - a +3 dagger of speed
Armour
 e - a +1 pair of boots (worn)
 j - a +1 pair of gloves (worn)
 m - a +2 leather armour of fire resistance
 s - the +2 robe of Jiriz (worn) {rF+ Int+4}

   It affects your intelligence (+4).
   It protects you from fire.
Jewellery
 g - an amulet of faith (around neck)
 h - the amulet of Toumav {Gourm Int+3}

   [amulet of the gourmand]

   It allows you to eat raw meat even when not hungry.
   It affects your intelligence (+3).
 i - an uncursed ring of fire
 k - a +4 ring of slaying (left hand)
Wands
 c - a wand of clouds (5)
 d - a wand of digging (2)
 l - a wand of paralysis (6)
Scrolls
 b - a scroll of immolation
 f - a scroll of fog
 n - 4 scrolls of remove curse
 p - a scroll of amnesia
 t - 4 scrolls of teleportation
 y - 3 scrolls of magic mapping
 B - a scroll of blinking


You were on level 8 of the Dungeon.
You worshipped Vehumet.
Vehumet was aware of your devotion.
You were not hungry.

You visited 2 branches of the dungeon, and saw 9 of its levels.

You collected 514 gold pieces.
You spent 194 gold pieces at shops.

Dungeon Overview and Level Annotations

Branches:
Dungeon (8/15)             Temple (1/1) D:6
   Lair: D:8-11

Altars:
Ashenzari
Cheibriados
Dithmenos
Elyvilon
Fedhas
Gozag
Hepliaklqana
Kikubaaqudgha
Makhleb
Nemelex Xobeh
Okawaru
Qazlal
Ru
Sif Muna
Trog
Uskayaw
Vehumet
Wu Jian
Xom
Yredelemnul
Zin
The Shining One

Shops:
D:4 ?

Annotations:
D:2 1 runed translucent door, Crazy Yiuf
D:3 2 transporters

....†.........#.....#
..............#.....#
..............#.....#
...........J..'.....#
.......)......#..!..#
..............#.....#
###############.....#
#.......)J...#
#........@...#
#............#
##....##<.%..#
#.######.....#
#,,,,,,'.....#
*!,,,,.#.....#
*,,,,..#...>.#
*,,,..,#.....#
*,,...,#.....#


You could see a slime creature.

Notes
Turn   | Place    | Note
-------+----------+-------------------------------------------
     0 | D:1      | theanonym the Mummy Air Elementalist began the quest for
                  | the Orb.
     0 | D:1      | Reached XP level 1. HP: 13/13 MP: 4/4
   108 | D:1      | Reached skill level 1 in Conjurations
   206 | D:1      | Reached skill level 3 in Spellcasting
   242 | D:1      | HP: 6/13 [bat (1)]
   251 | D:1      | HP: 5/13 [bat (1)]
   255 | D:1      | Reached XP level 2. HP: 6/19 MP: 0/6
  1005 | D:1      | Reached XP level 3. HP: 18/24 MP: 0/7
  1486 | D:2      | HP: 12/24 [adder (4)]
  1488 | D:2      | Reached skill level 3 in Air Magic
  1795 | D:2      | Found a runed translucent door.
  1796 | D:2      | Noticed Crazy Yiuf
  1897 | D:2      | Learned a level 3 spell: Static Discharge
  1929 | D:2      | HP: 10/24 [leopard gecko (5)]
  2185 | D:2      | Reached XP level 4. HP: 30/30 MP: 4/9
  2239 | D:2      | Learned a level 4 spell: Airstrike
  2374 | D:2      | Reached skill level 2 in Conjurations
  2662 | D:2      | Found a hazy altar of Hepliaklqana.
  2899 | D:3      | Reached skill level 4 in Spellcasting
  2988 | D:3      | Found a transporter.
  2997 | D:3      | Found a transporter.
  3011 | D:3      | Identified the +9 spear of Victory {venom, rPois rC+++
                  | Int+3}
  3154 | D:3      | Found a shattered altar of Ashenzari.
  3222 | D:3      | You fall into a shaft and drop 1 floor!
  3222 | D:4      | Found an ancient bone altar of Kikubaaqudgha.
  3233 | D:4      | HP: 12/30 [worker ant (7)]
  3450 | D:4      | HP: 14/30 [bullfrog skeleton (4)]
  3451 | D:4      | Reached XP level 5. HP: 17/35 MP: 6/11
  3623 | D:4      | Got a slimy mace
  3645 | D:4      | Noticed a phantom
  3683 | D:4      | Got a warped pewter amulet
  3684 | D:4      | Identified the amulet of Toumav {Gourm Int+3} (You found it
                  | on level 4 of the Dungeon)
  3732 | D:4      | Killed a phantom
  3732 | D:4      | Reached skill level 1 in Armour
  4083 | D:3      | Reached XP level 6. HP: 39/41 MP: 4/13
  4234 | D:3      | Noticed Jessica
  4236 | D:3      | Killed Jessica
  4255 | D:3      | Noticed Terence
  4310 | D:3      | Killed Terence
  4638 | D:4      | Found Igos's Magic Scroll Boutique.
  4656 | D:4      | Bought a scroll of magic mapping for 45 gold pieces
  4656 | D:4      | Bought a scroll of blinking for 97 gold pieces
  4656 | D:4      | Bought a scroll of identify for 26 gold pieces
  4656 | D:4      | Bought a scroll of identify for 26 gold pieces
  4687 | D:4      | Reached skill level 4 in Air Magic
  5253 | D:5      | Entered Level 5 of the Dungeon
  5258 | D:5      | Reached skill level 5 in Spellcasting
  5471 | D:5      | Reached skill level 3 in Conjurations
  5474 | D:5      | Reached skill level 2 in Armour
  5474 | D:5      | Reached XP level 7. HP: 46/46 MP: 0/14
  5919 | D:5      | Noticed Menkaure
  6080 | D:5      | Reached skill level 5 in Air Magic
  6170 | D:5      | Learned a level 5 spell: Lightning Bolt
  7782 | D:5      | Killed Menkaure
  7782 | D:5      | Reached skill level 3 in Armour
  7782 | D:5      | Reached skill level 6 in Spellcasting
  7782 | D:5      | Reached XP level 8. HP: 44/52 MP: 7/17
  8243 | D:6      | Reached skill level 4 in Conjurations
  8437 | D:6      | Found a stormy altar of Qazlal.
  8581 | D:6      | HP: 26/52 [ice beast (2)]
  8807 | D:6      | Reached skill level 7 in Spellcasting
  9118 | D:6      | Identified the +8 hunting sling of Infection {flame, *Drain
                  | rPois rF+ Dex+4}
  9170 | D:6      | Found a staircase to the Ecumenical Temple.
  9184 | Temple   | Entered the Ecumenical Temple
  9284 | Temple   | Became a worshipper of Vehumet
  9401 | D:6      | Noticed Duvessa
  9406 | D:6      | Noticed Dowan
  9407 | D:6      | Killed Duvessa
  9407 | D:6      | Reached skill level 4 in Armour
  9534 | D:6      | Killed Dowan
 10011 | D:6      | Reached skill level 5 in Conjurations
 10241 | D:7      | Reached XP level 9. HP: 57/57 MP: 11/20
 10444 | D:7      | HP: 25/57 [iguana (10)]
 10642 | D:7      | Reached skill level 8 in Spellcasting
 11023 | D:7      | Found a burning altar of Makhleb.
 11156 | D:7      | Reached skill level 5 in Armour
 11572 | D:8      | Reached skill level 1 in Fighting
 11860 | D:8      | Reached skill level 2 in Fighting
 11976 | D:8      | Found a snail-covered altar of Cheibriados.
 12096 | D:8      | Identified the +2 robe of Jiriz {rF+ Int+4} (You found it
                  | on level 8 of the Dungeon)
 12113 | D:8      | Learned a level 2 spell: Swiftness
 12179 | D:8      | Reached * piety under Vehumet
 12179 | D:8      | Offered knowledge of Sting by Vehumet.
 12179 | D:8      | Reached skill level 9 in Spellcasting
 12249 | D:8      | Noticed a two-headed ogre
 12264 | D:8      | HP: 26/61 [orc wizard/puff of flame (8)]
 12266 | D:8      | Reached skill level 6 in Conjurations
 12445 | D:8      | Noticed a two-headed ogre
 12450 | D:8      | Killed a two-headed ogre
 12450 | D:8      | Reached skill level 3 in Fighting
 12450 | D:8      | Reached skill level 1 in Charms
 12588 | D:8      | Killed a two-headed ogre
 12588 | D:8      | Reached skill level 6 in Air Magic
 12588 | D:8      | Reached XP level 10. HP: 70/70 MP: 4/23
 12852 | D:8      | Reached skill level 4 in Fighting
 13028 | D:7      | Reached skill level 10 in Spellcasting
 13121 | D:8      | HP: 25/73 [slime creature (19)]
 13124 | D:8      | HP: 12/73 [slime creature (7)]
 13125 | D:8      | Mangled by a slime creature

Vanquished Creatures
  2 two-headed ogres (D:8)
  4 slime creatures
  Menkaure (D:5)
  Duvessa (D:6)
  2 porcupines (D:8)
  An orc warrior (D:6)
  2 ice beasts
  A necrophage (D:7)
  2 sky beasts
  3 ogres
  2 phantoms
  6 bullfrogs
  Dowan (D:6)
  4 scorpions
  6 killer bees (D:8)
  2 howler monkeys
  4 crimson imps
  2 jellies
  2 orc priests
  A bullfrog skeleton (D:4)
  A centaur skeleton (D:4)
  4 hounds
  Jessica (D:3)
  Terence (D:3)
  2 iguanas
  5 orc wizards
  6 worker ants
  A howler monkey skeleton (D:4)
  9 adders
  3 shadow imps
  An ooze (D:2)
  An adder skeleton (D:7)
  2 worms
  2 dart slugs
  7 leopard geckos
  14 orcs
  6 bats
  4 giant cockroaches
  5 goblins
  12 hobgoblins
  15 jackals
  9 kobolds
  A quokka (D:4)
  A ball python (D:5)
  A ball python zombie (D:4)
  6 frilled lizards
  A jackal skeleton (D:2)
  A quokka skeleton (D:8)
  6 rats
177 creatures vanquished.

Vanquished Creatures (others)
  17 fungi (D:8)
  15 plants
32 creatures vanquished.

Grand Total: 209 creatures vanquished

Table legend:
 A = Turns spent in this place as a percentage of turns spent in the entire game.
 B = Non-inter-level travel turns spent in this place as a percentage of non-inter-level travel turns spent in the entire game.
 C = Inter-level travel turns spent in this place as a percentage of turns spent in this place.
 D = Turns resting spent in this place as a percentage of non-inter-level travel turns spent in this place.
 E = Turns spent auto-exploring this place as a percentage of non-inter-level travel turns spent in this place.
 F = Non-inter-level travel turns spent in this place divided by the number of levels of this place that you've seen.
                   A       B       C       D       E      F
               +-------+-------+-------+-------+-------+----------------------
         Total | 100.0 | 100.0 |   4.1 |  42.7 |  45.2 | 1398.8
       Dungeon |  99.1 |  99.2 |   4.0 |  43.1 |  44.8 | 1560.9
        Temple |   0.9 |   0.8 |   8.9 |   0.0 |  89.2 | 102.0
               +-------+-------+-------+-------+-------+----------------------
